 Dungeon Crawl Stone Soup version 0.26.1-11-gd32895ea62 (webtiles) character file.

Game seed: 16480030314823314180

1701 Zeld the Carver (level 9, 0/56 HPs)
             Began as an Octopode Monk on May 19, 2021.
             Slain by an unseen horror (7 damage)
             ... on level 6 of the Dungeon.
             The game lasted 00:09:14 (10400 turns).

Zeld the Carver (Octopode Monk)                    Turns: 10400, Time: 00:09:14

Health: 0/56       AC:  1    Str: 14    XL:     9   Next: 3%
Magic:  9/9        EV: 14    Int: 12    God:
Gold:   389        SH:  0    Dex: 14    Spells: 8/8 levels left

rFire    . . .     SeeInvis .   a - +0 falchion
rCold    . . .     Faith    .   (no shield)
rNeg     . . .     Spirit   .   (helmet restricted)
rPois    .         Reflect  .   (no amulet)
rElec    .         Harm     .   (no ring)
rCorr    .         Rampage  .   (no ring)
Will     .....                  (no ring)
Stlth    +++.......             (no ring)
HPRegen  0.18/turn              (no ring)
MPRegen  0.11/turn              (no ring)
                                (no ring)
                                (no ring)

@: no status effects
A: almost no armour, stealthy swim, amphibious, 8 rings, constrict 8, camouflage
1, gelatinous body 1
a: no special abilities


You were on level 6 of the Dungeon.
You visited 2 branches of the dungeon, and saw 7 of its levels.

You collected 389 gold pieces.

Inventory:

Hand Weapons
 a - a +0 falchion (weapon)
Missiles
 i - 7 boomerangs (quivered)
Jewellery
 q - an uncursed ring of protection from fire {unknown}
 w - a cursed ring of teleportation {unknown}
 x - an uncursed amulet of reflection {unknown}
Wands
 m - a wand of flame (13)
Scrolls
 b - 2 scrolls of enchant armour {unknown}
 c - 4 scrolls of identify {unknown}
 d - a scroll of fear {unknown}
 j - 2 scrolls of remove curse {unknown}
 k - 2 scrolls of magic mapping {unknown}
 s - 4 scrolls of teleportation {unknown}
 t - a scroll of noise {unknown}
 u - a scroll of amnesia {unknown}
 v - a scroll of blinking {unknown}
 z - a scroll of immolation {unknown}
Potions
 e - 2 potions of mutation {unknown}
 f - 2 potions of heal wounds
 g - a potion of haste {unknown}
 h - 4 potions of curing
 l - a potion of might {unknown}
 n - 3 potions of degeneration {unknown}
 p - 3 potions of invisibility {unknown}
 r - a potion of attraction {unknown}
 A - a potion of magic {unknown}


   Skills:
 - Level 3.0 Fighting
 * Level 11.4 Long Blades
 - Level 3.0 Dodging
 - Level 2.6 Stealth
 - Level 0.1 Evocations


You had 8 spell levels left.
You didn't know any spells.
Your spell library contained the following spells:

 Spells                   Type           Power        Failure   Level
 Animate Skeleton         Necr           0%           32%         1
 Apportation              Tloc           0%           32%         1
 Corona                   Hex            0%           32%         1
 Foxfire                  Conj/Fire      0%           32%         1
 Summon Small Mammal      Summ           0%           32%         1
 Confusing Touch          Hex            0%           69%         3
 Conjure Flame            Conj/Fire      0%           69%         3
 Gell's Gravitas          Tloc           0%           69%         3
 Inner Flame              Hex/Fire       0%           69%         3
 Petrify                  Tmut/Erth      0%           97%         4
 Sticky Flame             Conj/Fire      0%           97%         4
 Fireball                 Conj/Fire      0%           100%        5
 Metabolic Englaciation   Hex/Ice        0%           100%        5
 Yara's Violent Unravell  Hex/Tmut       0%           100%        5


Dungeon Overview and Level Annotations

Branches:
Dungeon (6/15)             Temple (1/1) D:6

Altars:
Cheibriados
Dithmenos
Elyvilon
Fedhas
Gozag
Hepliaklqana
Kikubaaqudgha
Nemelex Xobeh
Okawaru
Ru
Trog
Uskayaw
Vehumet
Wu Jian
Xom
Yredelemnul
The Shining One

Shops:
D:5 [   D:6 :


Innate Abilities, Weirdness & Mutations

You cannot wear most types of armour.
You are very stealthy in the water. (Stealth+)
You are amphibious.
You can wear up to eight rings at the same time.
You can use your tentacles to constrict eight enemies at once.
Your skin changes colour to match your surroundings (Stealth+).
Your rubbery body absorbs attacks. (AC +1, EV +1)


Message History

The mass of ice explodes!
The iceblast engulfs something!
The iceblast engulfs you! Something hits you.
Deactivating autopickup; reactivate with Ctrl-A.
Something completely misses you.
Unknown command.
Aiming: Iceblast
Press: ? - help, Shift-Dir - straight line The mass of ice explodes!
The iceblast engulfs something!
The iceblast engulfs you!
The now-empty wand crumbles to dust.
Something hits you! Something hits you.
Unknown command.
Aiming: Throw Flame
Press: ? - help, Shift-Dir - straight line Something hits you!
Aiming: Throw Flame
Press: ? - help, Shift-Dir - straight line Something hits you!
* * * LOW HITPOINT WARNING * * *
Something hits you!
You die...

#.####..# ####.### ..... ...
......> .......# #.....#
#.#.#.# . .....# #.#..###.
..(.# ..#.#.#.# ... ........#
#.# ....##..# #@# .#..##..#
#.# .#..##..# ######.##
.#......# #.......## #####..<#
#.####...##
.#∩.....###.###...#.##
.#..##............##.#######
.#..##......##.##............#
....##.......#.#####.#######.#


There were no monsters in sight!

Vanquished Creatures
  Sigmund (D:6)
  Duvessa (D:6)
  An orc warrior (D:6)
  2 phantoms (D:6)
  An ogre (D:4)
  A centaur (D:6)
  The ghost of Zeld the Charlatan, an amateur OpAr (D:3)
  A bullfrog (D:6)
  2 scorpions
  A howler monkey (D:5)
  2 hounds
  Crazy Yiuf (D:3)
  An orc priest (D:6)
  3 worker ants (D:4)
  3 iguanas
  4 orc wizards
  5 gnolls
  4 adders
  A shadow imp (D:5)
  3 ufetubi (D:6)
  An ooze (D:4)
  3 adder zombies (D:5)
  A worm (D:2)
  2 dart slugs
  4 leopard geckos
  16 orcs
  7 giant cockroaches
  9 goblins
  12 hobgoblins
  5 jackals
  4 quokkas
  10 bats
  5 frilled lizards
  14 kobolds
  A quokka skeleton (D:4)
  12 rats
145 creatures vanquished.

Vanquished Creatures (collateral kills)
  An ogre (D:6)
  Dowan (D:6)
2 creatures vanquished.

Vanquished Creatures (others)
  A jackal (D:4)
  A fungus (D:3)
  12 plants (D:5)
14 creatures vanquished.

Grand Total: 161 creatures vanquished

Notes
Turn   | Place    | Note
-------+----------+-------------------------------------------
     0 | D:1      | Zeld the Octopode Monk began the quest for the Orb.
     0 | D:1      | Reached XP level 1. HP: 16/16 MP: 1/1
   183 | D:1      | Reached XP level 2. HP: 18/21 MP: 2/2
   730 | D:1      | Reached skill level 4 in Long Blades
   862 | D:1      | Reached XP level 3. HP: 26/26 MP: 3/3
  2013 | D:2      | Reached XP level 4. HP: 28/31 MP: 4/4
  2467 | D:2      | Reached skill level 5 in Long Blades
  3426 | D:3      | Reached XP level 5. HP: 18/36 MP: 5/5
  3630 | D:3      | Found an iron altar of Okawaru.
  3782 | D:3      | Found a runed translucent door.
  3783 | D:3      | Noticed Crazy Yiuf
  4112 | D:3      | Found a runed translucent gate.
  4112 | D:3      | Found a runed translucent gate.
  4112 | D:3      | Noticed Zeld's ghost (amateur OpAr)
  4113 | D:3      | Found a runed translucent gate.
  4272 | D:3      | Killed Zeld's ghost
  4273 | D:3      | Reached skill level 6 in Long Blades
  4273 | D:3      | Reached XP level 6. HP: 24/42 MP: 6/6
  4718 | D:3      | Killed Crazy Yiuf
  5040 | D:3      | Reached skill level 7 in Long Blades
  5716 | D:4      | Reached skill level 8 in Long Blades
  5716 | D:4      | Reached XP level 7. HP: 46/46 MP: 7/7
  6324 | D:5      | Entered Level 5 of the Dungeon
  6326 | D:5      | Found Junehies's Antique Armour Emporium.
  6917 | D:5      | Reached skill level 9 in Long Blades
  7083 | D:6      | Found a staircase to the Ecumenical Temple.
  7103 | Temple   | Entered the Ecumenical Temple
  7541 | D:6      | Noticed Sigmund
  7546 | D:6      | Killed Sigmund
  7547 | D:6      | Reached XP level 8. HP: 48/52 MP: 8/8
  7692 | D:6      | Reached skill level 10 in Long Blades
  8308 | D:6      | Found an iron altar of Okawaru.
  8406 | D:6      | Found Qimulios's Book Shop.
  8781 | D:6      | Noticed Duvessa
  8784 | D:6      | Noticed Dowan
  9796 | D:6      | Killed Dowan
  9797 | D:6      | Reached skill level 11 in Long Blades
  9809 | D:6      | Killed Duvessa
  9998 | D:6      | Reached XP level 9. HP: 5/56 MP: 9/9
 10400 | D:6      | Slain by an unseen horror

Illustrated notes

Levels and vault maps discovered:
D:1:      lightli_arrival_farm, layout_loops_corners, minmay_misc_feat_pillars
D:2:      wander_river, layout_basic, st_stairs_10, minmay_tromino_i2
D:3:      layout_basic, general_overflow_altar, gammafunk_ghost_split,
          uniq_crazy_yiuf_cottage
D:4:      layout_loops_ring
D:5:      layout_rooms, serial_shops, shop_statue, serial_bayou_lagoon_b
D:6:      layout_loops_ring, minmay_temple_entry_large_hall, serial_shops, shop,
          okawaru_ov_weapons_minmay, uniq_sigmund, uniq_duvessa
Temple:   minmay_temple_bridge_d

Skill      XL: |  1  2  3  4  5  6  7  8 |
---------------+-------------------------+-----
Long Blades    | 4 5 6 8 9 11 | 11.4
Fighting       | |  3.0
Dodging        | |  3.0
Stealth        | |  2.6
Evocations     | |  0.1

Action                   |  1- 3 |  4- 6 |  7- 9 || total
-------------------------+-------+-------+-------++-------
Melee: Falchion          |    66 |   123 |   147 ||   336
       Constrict         |    20 |    41 |    37 ||    98
       Tentacles         |    16 |    29 |    51 ||    96
Evoke: Wand              |       |     2 |    16 ||    18
  Use: Potion            |       |       |     3 ||     3
 Stab: Sleeping          |     9 |     9 |     7 ||    25
       Betrayed ally     |       |       |     1 ||     1
Armor: Skin              |     8 |    10 |     1 ||    19
Dodge: Dodged            |    52 |   102 |    91 ||   245
       Rpst.: Falchion   |    14 |    37 |    27 ||    78
